 Dungeon Crawl Stone Soup version 0.30.1-11-g7821555f0a (webtiles) character file.

Game seed: 4210930123723565574

533 Groucho the Conjurer (level 7, -2/36 HPs)
             Began as a Deep Elf Conjurer on Oct 29, 2023.
             Slain by a steam dragon (4 damage)
             ... on level 5 of the Dungeon.
             The game lasted 00:09:58 (7034 turns).

Groucho the Conjurer (Deep Elf Conjurer)            Turns: 7034, Time: 00:09:59

Health: -2/36      AC:  2    Str:  4    XL:     7   Next: 4%
Magic:  8/17       EV: 13    Int: 25    God:
Gold:   147        SH:  0    Dex: 13    Spells: 11/17 levels left

rFire   . . .        (no weapon)
rCold   . . .        (no shield)
rNeg    + . .        a - +0 robe
rPois   .            (no helmet)
rElec   .            h - scarf {repulsion}
rCorr   .            (no gloves)
SInv    .            (no boots)
Will    .....        (no amulet)
Stlth   ++           p - ring of positive energy
HPRegen 0.26/turn    (no ring)
MPRegen 0.15/turn

%: repel missiles
@: no status effects
A: no striking features
a: no special abilities


You were on level 5 of the Dungeon.
You visited 1 branch of the dungeon, and saw 5 of its levels.

You collected 167 gold pieces.
You spent 20 gold pieces at shops.

Inventory:

Missiles
 k - 6 silver javelins
Armour
 a - a +0 robe (worn)
 h - a scarf of repulsion (worn)
Jewellery
 p - a ring of positive energy (left hand)
Scrolls
 f - 2 scrolls of poison {unknown}
 g - 3 scrolls of teleportation {unknown}
 i - 2 scrolls of noise {unknown}
 j - a scroll of fog {unknown}
 l - 3 scrolls of immolation {unknown}
 m - a scroll of blinking {unknown}
 n - a scroll of amnesia {unknown}
 s - 5 scrolls of identify
 t - 2 scrolls of silence {unknown}
 u - a scroll of vulnerability {unknown}
Potions
 b - 2 potions of magic
 c - 3 potions of cancellation {unknown}
 d - a potion of ambrosia {unknown}
 e - 2 potions of curing {unknown}
 o - 2 potions of flight {unknown}
 q - 2 potions of heal wounds {unknown}
 r - a potion of resistance {unknown}
 v - a potion of brilliance {unknown}
 w - a potion of mutation {unknown}
 x - a potion of attraction {unknown}


   Skills:
 + Level 5.0 Dodging
 - Level 2.4 Stealth
 + Level 5.6 Spellcasting
 * Level 7.3 Conjurations


You had 11 spell levels left.
You knew the following spells:

 Your Spells              Type           Power      Damage    Failure   Level
a - Magic Dart            Conj           100%       1d8       1%          1
b - Searing Ray           Conj           86%        2d7       1%          2
c - Dazzling Flash        Conj/Hex       50%        N/A       5%          3

Your spell library contained the following spells:

 Spells                   Type           Power      Damage    Failure   Level
 Mephitic Cloud           Conj/Pois/Air  19%        N/A       9%          3
 Call Imp                 Summ           14%        N/A       12%         2
 Fulminant Prism          Conj/Hex       12%        3d9       17%         4
 Iskenderun's Mystic Bla  Conj/Tloc      25%        2d7       17%         4


Dungeon Overview and Level Annotations

Branches:
Dungeon (5/15)
 Temple: D:4-7

Altars:
Yredelemnul

Shops:
D:1 [[=?   D:3 :   D:4 =!?

Annotations:
D:4 2 transporters, robbje's ghost, amateur HuNe


Message History

Casting: Searing Ray (safe; 1% risk of failure)
Confirm with . or Enter, or press ? or * to list all spells.
Aiming: Searing Ray (safe; 1% risk of failure)
Press: ? - help, Shift-Dir - straight line, f - iguana, p - steam dragon
Aim: an iguana (84% to hit)
The searing ray hits the steam dragon.
The steam dragon is moderately wounded.
The searing ray hits the iguana.
The iguana is moderately wounded. (Press . to maintain the ray.)
The steam dragon closely misses you. x2
Unknown command.
Unknown command.
Unknown command.
The searing ray hits the steam dragon.
The steam dragon is moderately wounded.
The searing ray hits the iguana.
The iguana is heavily wounded.
You are engulfed in a cloud of scalding steam.
The steam dragon barely misses you. The steam dragon claws you.
* * * LOW HITPOINT WARNING * * *
Unknown command.
Unknown command.
Unknown command.
The searing ray hits the steam dragon.
The steam dragon is heavily wounded.
The searing ray hits the iguana but does no damage.
The iguana is heavily wounded.
The steam dragon bites you!
* * * LOW HITPOINT WARNING * * *
The steam dragon claws you but does no damage.
Unknown command.
Unknown command.
The searing ray misses the steam dragon.
The searing ray hits the iguana.
The iguana is severely wounded.
You finish channelling your searing ray.
A quokka comes into view.
The steam dragon closely misses you. The steam dragon claws you.
You die...

### r.. #.. #
..# .# ..##.
.l. #D#
#.......(.#
#@# .........#
#.# ........#
#.# .......#
#.# ......#
#.# .....#
#.########...#
#.##.........#
#..#.........#
##...........#


You could see a steam dragon, an iguana and a quokka (wandering).

Vanquished Creatures
  An ice beast (D:4)
  An ogre (D:4)
  A phantom (D:4)
  An orc priest (D:3)
  A hound (D:4)
  A jelly (D:5)
  A sleepcap (D:5)
  An orc wizard (D:4)
  3 gnolls (D:2)
  4 adders
  A worm (D:2)
  4 dart slugs
  9 orcs
  5 endoplasms
  4 giant cockroaches
  3 goblins
  6 hobgoblins
  9 kobolds
  3 quokkas
  6 ball pythons
  2 bats (D:2)
  2 frilled lizards
  2 rats (D:3)
71 creatures vanquished.

Notes
Turn   | Place    | Note
-------+----------+-------------------------------------------
     0 | D:1      | Groucho the Deep Elf Conjurer began the quest for the Orb.
     0 | D:1      | Reached XP level 1. HP: 10/10 MP: 6/6
    81 | D:1      | Found Mouwemif's Armour Boutique.
   167 | D:1      | Found Hurchene's Jewellery Boutique.
   384 | D:1      | Found Rownet's Magic Scroll Shoppe.
   465 | D:1      | Reached XP level 2. HP: 15/15 MP: 4/8
   707 | D:1      | Found Qeta's Armour Shoppe.
   836 | D:1      | Found a faded altar of an unknown god.
  1105 | D:2      | Reached skill level 5 in Conjurations
  1105 | D:2      | Reached XP level 3. HP: 19/19 MP: 6/10
  1317 | D:2      | Learned a level 2 spell: Searing Ray
  1321 | D:2      | Learned a level 3 spell: Dazzling Flash
  1676 | D:2      | Reached XP level 4. HP: 24/24 MP: 9/11
  2538 | D:3      | Identified the +10 scale mail "Earthly Heaven" {Regen+}
  2571 | D:3      | Found Mirurat's Book Emporium.
  3020 | D:3      | Found a glowing drain.
  3068 | D:3      | Found a basalt altar of Yredelemnul.
  3442 | D:3      | Reached XP level 5. HP: 28/28 MP: 9/13
  4071 | D:4      | Found Aroxtur's Distillery.
  4076 | D:4      | Noticed an ogre
  4090 | D:4      | Killed an ogre
  4091 | D:4      | Reached skill level 6 in Conjurations
  4525 | D:4      | Found a transporter.
  4532 | D:4      | Found a transporter.
  4532 | D:4      | Noticed robbje's ghost (amateur HuNe)
  4632 | D:4      | Noticed a phantom
  4638 | D:4      | Killed a phantom
  4639 | D:4      | Reached skill level 5 in Spellcasting
  4639 | D:4      | Reached XP level 6. HP: 32/32 MP: 9/15
  4978 | D:4      | Noticed an ice beast
  4984 | D:4      | Killed an ice beast
  5035 | D:4      | Reached skill level 7 in Conjurations
  6378 | D:4      | Found Koylops's Magic Scroll Emporium.
  6381 | D:4      | Bought a scroll of identify for 20 gold pieces
  6436 | D:4      | Found Iqaxolef's Jewellery Boutique.
  6659 | D:5      | Entered Level 5 of the Dungeon
  6884 | D:5      | Reached skill level 5 in Dodging
  6884 | D:5      | Reached XP level 7. HP: 36/36 MP: 14/17
  7026 | D:5      | Noticed a steam dragon
  7034 | D:5      | Slain by a steam dragon

Illustrated notes

Levels and vault maps discovered:
D:1:      matt_arrival_refuge, layout_loops_ring, ebering_ecumenical_altar_hall,
          serial_shops, nicolae_shop_hallway_plus, shop, shop, shop,
          minmay_misc_feat_hallway
D:2:      layout_loops_ring
D:3:      layout_basic, lemuel_crystal_altar, serial_shops,
          nicolae_shop_hallway_plus, gup_sewer_entry_glass,
          minmay_misc_feat_square
D:4:      layout_gridville, serial_shops, shop, nicolae_shop_rolled_up, shop,
          gammafunk_ghost_arena
D:5:      mumra_celtic_spiral_tile, layout_basic,
          nicolae_ossuary_entry_catacombs, grunt_ministairs_3

Skill      XL: |  1  2  3  4  5  6 |
---------------+-------------------+-----
Dodging        | 3 4 5 |  5.0
Conjurations   | 5 6 7 |  7.3
Spellcasting   | 4 5 |  5.6
Stealth        | |  2.4

Action                     |  1- 3 |  4- 6 |  7- 9 || total
---------------------------+-------+-------+-------++-------
   Cast: Magic Dart        |    53 |    71 |       ||   124
         Searing Ray       |       |    15 |     2 ||    17
 Armour: Robe              |     1 |     3 |     1 ||     5
  Dodge: Dodged            |     2 |    13 |     5 ||    20
         Repelled          |       |     1 |       ||     1
